 Dungeon Crawl Stone Soup version 0.30.1-9-gdf580d7c3d (webtiles) character file.

Game seed: 16506464722393070801

97 Peloso the Covered (level 4, -4/41 HPs)
             Began as a Minotaur Fighter on Sept 30, 2023.
             Killed by divine providence
             ... invoked by an orc priest
              (15 damage)
             ... on level 3 of the Dungeon.
             The game lasted 00:03:11 (1515 turns).

Peloso the Covered (Minotaur Fighter)               Turns: 1515, Time: 00:03:12

Health: -4/41      AC:  7    Str: 21    XL:     4   Next: 42%
Magic:  3/3        EV:  9    Int:  5    God:
Gold:   67         SH:  4    Dex: 11    Spells: 3/3 levels left

rFire   . . .        a - +0 long sword
rCold   . . .        c - +0 buckler
rNeg    . . .        b - +0 scale mail
rPois   .            (helmet restricted)
rElec   .            (no cloak)
rCorr   .            (no gloves)
SInv    .            (no boots)
Will    .....        (no amulet) Stlth
                     (no ring)
HPRegen 0.26/turn    (no ring)
MPRegen 0.08/turn

%: no passive effects
@: no status effects
A: horns 2, retaliatory headbutt
a: no special abilities


You were on level 3 of the Dungeon.
You visited 1 branch of the dungeon, and saw 3 of its levels.

You collected 67 gold pieces.

Inventory:

Hand Weapons
 a - a +0 long sword (weapon)
Armour
 b - a +0 scale mail (worn)
 c - a +0 buckler (worn)
Jewellery
 l - a ring of see invisible
 o - an amulet of magic regeneration
 s - an amulet of faith
Wands
 q - a wand of roots (8)
Scrolls
 e - 3 scrolls of identify {unknown}
 f - a scroll of amnesia {unknown}
 g - 3 scrolls of poison {unknown}
 h - 2 scrolls of noise {unknown}
 j - 3 scrolls of enchant armour {unknown}
 k - 3 scrolls of teleportation {unknown}
 n - 2 scrolls of enchant weapon {unknown}
Potions
 d - a potion of might
 i - a potion of heal wounds {unknown}
 m - a potion of flight {unknown}
 p - 2 potions of curing {unknown}
 r - a potion of mutation {unknown}


   Skills:
 + Level 4.3 Fighting
 + Level 4.1 Long Blades
 + Level 4.3 Armour
 + Level 0.5 Dodging
 + Level 4.0 Shields


You had 3 spell levels left.
You didn't know any spells.
Your spell library was empty.

Dungeon Overview and Level Annotations

Branches:
Dungeon (3/15)

Altars:
Makhleb
Trog

Shops:
D:3 (

Annotations:
D:2 1 runed translucent door, Crazy Yiuf


Innate Abilities, Weirdness & Mutations

You have a pair of horns on your head.
You reflexively headbutt those who attack you in melee.


Message History

The orc is almost dead.
The orc hits you with a +0 hand axe. x2
You slash the orc!
You kill the orc!
You closely miss the orc. The orc barely misses you.
You hit the orc but do no damage. The orc barely misses you.
You furiously retaliate!
You headbutt the orc!
You kill the orc!
You hit the orc.
The orc is heavily wounded.
The orc closely misses you. You furiously retaliate!
You headbutt the orc. The orc hits you but does no damage.
You closely miss the orc.
The orc is severely wounded.
The orc hits you but does no damage.
You slash the orc!
You kill the orc!
The orc priest mumbles some strange prayers to Beogh against you.
Beogh smites you!
You hit the orc. You headbutt the orc, but do no damage.
The orc is severely wounded.
The orc hits you but does no damage.
You closely miss the orc.
The orc is severely wounded.
The orc hits you with a +0 dagger. The orc hits you but does no damage.
You hit the orc.
You kill the orc!
The orc priest mumbles some strange prayers to Beogh against you.
Beogh smites you!
Found a fizzy brown potion.
You block the kobold's attack.
The orc priest hits you with a +0 hand axe.
* * * LOW HITPOINT WARNING * * *
Items here: )))) [[ ††.
You hit the orc priest but do no damage.
You headbutt the orc priest.
The orc priest is heavily wounded.
The kobold hits you but does no damage.
The orc priest invokes the aid of Beogh against you.
Beogh smites you!
You die...

...##+##...........##...).
.......∩...........##...#.
..........................
.##.......#......####...#.
#.......#......##.......
#.......#......##.......
#.......#...............
..######.#.......#.......
.. #@#.......#.......
......Ko........########
..!..........##.#
####..........#
............#
.............#
#..............
#.............#


You could see an orc priest and a kobold.

Vanquished Creatures
  Terence (D:2)
  An adder (D:2)
  A worm (D:2)
  3 dart slugs (D:2)
  4 orcs (D:3)
  3 ball pythons
  3 endoplasms
  9 goblins
  4 hobgoblins (D:1)
  2 jackals (D:1)
  2 quokkas (D:1)
  2 bats
  3 frilled lizards
  5 kobolds (D:1)
  4 rats
47 creatures vanquished.

Notes
Turn   | Place    | Note
-------+----------+-------------------------------------------
     0 | D:1      | Peloso the Minotaur Fighter began the quest for the Orb.
     0 | D:1      | Reached XP level 1. HP: 19/19 MP: 0/0
   142 | D:1      | Reached XP level 2. HP: 26/27 MP: 1/1
   348 | D:1      | Reached XP level 3. HP: 33/33 MP: 2/2
   910 | D:2      | Noticed Terence
   923 | D:2      | Killed Terence
   924 | D:2      | Reached XP level 4. HP: 28/40 MP: 3/3
  1055 | D:2      | Found a faded altar of an unknown god.
  1282 | D:2      | Found a runed translucent door.
  1283 | D:2      | Noticed Crazy Yiuf
  1375 | D:3      | Found a burning altar of Makhleb.
  1379 | D:3      | Found a bloodstained altar of Trog.
  1484 | D:3      | Found Sadajic's Weapon Boutique.
  1515 | D:3      | Killed from afar by an orc priest

Illustrated notes

Levels and vault maps discovered:
D:1:      zelgadis_glass_arrival_small, layout_rooms, minmay_misc_feat_enclosed,
          minmay_statues_item
D:2:      layout_loops_ring, ebering_ecumenical_altar_sacrificial, uniq_terence,
          uniq_crazy_yiuf_cottage
D:3:      layout_basic, nicolae_overflow_squiral, serial_shops, shop,
          nrook_mini_vaults

Skill      XL: |  1  2  3  4 |
---------------+-------------+-----
Armour         | 4 |  4.3
Fighting       | 4 |  4.3
Long Blades    | 3 4 |  4.1
Shields        | 4 |  4.0
Dodging        | |  0.5

Action                     |  1- 3 |  4- 6 || total
---------------------------+-------+-------++-------
  Melee: Long sword        |    73 |    26 ||    99
         Headbutt          |    12 |     3 ||    15
 Armour: Scale mail        |    28 |    12 ||    40
  Dodge: Dodged            |    34 |     6 ||    40
  Block: Buckler           |    20 |     3 ||    23
